Map: Catalyst LE

Players

LiquidSnute (Snute) - Winner!

  • Race: Zerg Zerg
  • League: Master
  • Spawn Location: 11:00

aLive

  • Race: Terran Terran
  • Spawn Location: 5:00

Event: HomeStory Cup XVI

VOD

Have the link to the VOD?

Description

Time

  • Played on: Nov. 11, 2017, 8:29 a.m.
  • Length: 16:44

All games in this series

Show
View Real Time Build Order
Export as new Build Order

LiquidSnute Zerg - Winner!

Build Orders: Pool First 

Get SALT Encoding   

  12  0:00  Drone  
  13  0:12  Overlord  
  13  0:17  Drone  
  14  0:30  Drone x2  
  14  0:34  Drone  
  17  0:44  Spawning Pool  
  17  0:49  Drone  
  17  1:09  Hatchery  
  16  1:11  Drone  
  17  1:20  Overlord  
  17  1:31  Queen, Zergling x2  
  20  1:34  Zergling x2  
  20  1:39  Drone  
  22  1:41  Extractor  
  21  1:51  Drone  
  22  2:00  Drone  
  23  2:06  Queen  
  25  2:11  Drone  
  26  2:21  Queen, Drone x2  
  29  2:33  Overlord, Drone  
  30  2:42  Drone  
  30  2:43  Drone x3  
  34  2:48  Metabolic Boost  
  34  2:49  Drone  
  35  2:54  Drone  
  36  3:01  Overlord  
  36  3:04  Drone  
  37  3:13  Drone  
  37  3:15  Queen, Overlord  
  37  3:17  Drone x2  
  37  3:18  Drone  
  43  3:21  Zergling x2  
  44  3:27  Zergling x2  
  44  3:30  Drone  
  46  3:36  Hatchery  
  46  3:39  Drone x3  
  47  3:42  Drone  
  47  3:43  Drone  
  49  3:51  Overlord  
  49  3:54  Drone  
  49  3:55  Extractor  
  49  4:02  Zergling x2  
  50  4:05  Drone x4  
  50  4:08  Queen x2  
  58  4:12  Drone x3  
  58  4:13  Drone  
  62  4:21  Drone  
  63  4:24  Evolution Chamber x2, Overlord  
  61  4:35  Drone x2  
  61  4:37  Baneling Nest  
  61  4:38  Drone x2  
  63  4:42  Zergling x8  
  67  4:48  Drone x2  
  67  4:51  Zerg Ground Armor Level 1  
  68  4:56  Drone x2  
  70  5:01  Drone x2  
  70  5:04  Zerg Melee Weapons Level 1  
  70  5:06  Drone  
  73  5:10  Drone x4  
  73  5:11  Overlord  
  73  5:13  Lair  
  77  5:16  Extractor  
  77  5:17  Drone  
  77  5:18  Extractor x2  
  77  5:20  Extractor, Drone  
  75  5:22  Drone  
  75  5:24  Drone x3  
  79  5:29  Drone  
  79  5:32  Overlord  
  79  5:33  Drone  
  81  5:38  Drone  
  81  5:39  Hatchery  
  81  5:40  Drone  
  81  5:41  Overlord  
  82  5:46  Overlord  
  82  5:51  Drone x3, Hatchery  
  82  5:53  Drone  
  82  5:54  Drone  
  82  5:55  Drone  
  82  5:56  Drone  
  88  5:58  Drone  
  88  6:02  Zergling x2  
  90  6:07  Zergling x2  
  90  6:08  Zergling x8  
  90  6:10  Centrifical Hooks  
  95  6:14  Infestation Pit  
  95  6:15  Spire  
  93  6:24  Zergling x10  
  98  6:27  Overlord x2  
  98  6:35  Overlord  
  98  6:36  Overlord  
  98  6:38  Overlord  
  98  6:48  Zerg Ground Armor Level 2  
  98  6:52  Hive, Pneumatized Carapace  
  98  6:54  Drone x6  
  98  6:55  Drone x2  
  98  6:56  Zergling x2  
  98  6:57  Zergling x8  
  98  6:58  Baneling  
  98  6:59  Baneling x4  
  111  7:07  Zergling x14  
  118  7:20  Overseer  
  118  7:25  Zergling x24  
  118  7:28  Baneling x3  
  118  7:29  Baneling x3  
  122  7:40  Corruptor x5  
  122  7:43  Zergling x10  
  124  7:55  Drone x9  
  124  7:56  Drone  
  132  8:08  Drone x4  
  132  8:09  Drone  
  132  8:10  Drone  
  140  8:17  Zergling x16  
  140  8:19  Baneling  
  140  8:20  Baneling x4  
  140  8:25  Zerg Melee Weapons Level 2  
  140  8:28  Ultralisk Cavern, Baneling x3  
  140  8:29  Baneling x5  
  140  8:34  Zergling x6  
  140  8:39  Overlord x2  
  140  8:40  Overlord  
  142  8:41  Baneling x4  
  142  8:42  Baneling, Overseer  
  142  9:00  Zergling x24  
  142  9:01  Zergling x4  
  154  9:07  Zerg Ground Armor Level 3  
  153  9:13  Overlord x3  
  153  9:18  Ultralisk x2  
  165  9:24  Chitinous Plating  
  165  9:30  Queen x2  
  174  9:38  Ultralisk  
  174  9:42  Zergling x2  
  174  9:43  Zergling x18  
  184  9:55  Ultralisk, Spore Crawler  
  184  9:56  Overlord  
  184  9:57  Overlord  
  186  10:25  Hatchery  
  186  10:28  Adrenal Glands  
  185  10:29  Ultralisk x2  
  185  10:30  Zergling x2  
  185  10:31  Zergling x4  
  185  10:34  Hatchery  
  196  10:44  Zerg Melee Weapons Level 3  
  195  11:01  Zerg Flyer Armor Level 1  
  192  11:13  Baneling  
  192  11:14  Baneling x10  
  192  11:17  Zergling x2  
  192  11:18  Zergling x14  
  199  11:31  Burrow  
  183  11:46  Ultralisk x2  
  180  11:49  Overseer  
  180  11:50  Corruptor x2  
  180  11:54  Zergling x30  
  180  11:57  Extractor  
  199  12:06  Corruptor x2  
  196  12:13  Corruptor  
  198  12:32  Overseer  
  198  12:40  Spore Crawler  
  198  12:42  Spore Crawler  
  198  12:43  Corruptor x3  
  199  12:46  Zergling x2  
  199  12:47  Zergling x8  
  176  12:59  Zergling x12  
  176  13:00  Zergling x18  
  176  13:02  Queen  
  176  13:03  Queen x3  
  185  13:10  Drone x3  
  185  13:11  Drone x3  
  185  13:12  Zerg Missile Weapons Level 1, Drone x2  
  187  13:15  Ultralisk x2  
  198  13:22  Overlord x2  
  198  13:27  Overlord  
  198  13:29  Overlord  
  198  13:39  Baneling x8  
  198  13:44  Queen  
  197  13:49  Ultralisk  
  180  14:00  Ultralisk, Zergling x2  
  180  14:01  Ultralisk  
  163  14:07  Zergling x6  
  163  14:08  Zergling x12  
  171  14:14  Ultralisk  
  177  14:22  Ultralisk  
  183  14:25  Drone x4  
  187  14:33  Ultralisk  
  194  14:38  Zergling x6  
  196  14:48  Drone  
  196  14:49  Drone x2  
  193  15:15  Ultralisk  
  159  15:32  Ultralisk x4  
  159  15:33  Zergling x2  
  159  15:34  Zergling x32  
  163  15:41  Ultralisk  
  154  15:48  Corruptor x2  
  148  15:50  Zergling x6  
  151  15:59  Baneling x9  
Show
View Real Time Build Order
Export as new Build Order

aLive Terran 

Build Orders: Reaper Expand, MMM Bio 

Get SALT Encoding   

  12  0:00  SCV  
  13  0:12  SCV  
  14  0:17  Supply Depot  
  14  0:24  SCV  
  15  0:39  SCV  
  15  0:40  Barracks  
  16  0:43  Refinery  
  16  0:51  SCV  
  17  1:03  SCV  
  18  1:15  SCV  
  19  1:26  Reaper  
  19  1:27  Orbital Command  
  20  1:41  Command Center  
  20  1:52  Supply Depot  
  20  1:53  SCV  
  21  1:58  Marine  
  22  2:05  SCV  
  23  2:09  Factory  
  23  2:17  SCV  
  23  2:21  Barracks Reactor  
  24  2:29  SCV  
  24  2:41  SCV  
  25  2:50  Command Center  
  25  2:53  SCV  
  26  3:05  Hellion x2, SCV  
  31  3:08  Barracks Tech Lab  
  31  3:09  Orbital Command  
  31  3:17  SCV  
  33  3:27  Stimpack  
  33  3:29  SCV  
  33  3:31  Barracks  
  33  3:34  Barracks  
  33  3:35  SCV  
  33  3:36  Factory Reactor  
  34  3:43  SCV  
  34  3:44  Refinery  
  34  3:45  Refinery  
  35  3:49  SCV  
  35  3:53  Marine  
  37  3:55  SCV  
  37  4:01  SCV  
  39  4:05  Orbital Command  
  39  4:08  SCV, Engineering Bay  
  40  4:10  Engineering Bay  
  40  4:15  SCV  
  41  4:20  SCV  
  41  4:21  Starport, Factory Reactor  
  42  4:27  SCV  
  43  4:32  SCV  
  43  4:36  SCV  
  45  4:38  Terran Infantry Weapons Level 1, Terran Infantry Armor Level 1  
  45  4:40  SCV  
  45  4:43  Marine x3  
  45  4:44  SCV  
  50  4:45  Marine x2  
  50  4:52  SCV  
  53  4:56  SCV  
  54  5:03  Barracks  
  54  5:06  Barracks  
  53  5:08  Medivac x2  
  53  5:11  SCV x2  
  59  5:15  Supply Depot  
  59  5:16  Refinery  
  59  5:17  Supply Depot  
  59  5:19  Factory Reactor  
  59  5:23  Orbital Command, SCV x2  
  61  5:31  Combat Shields  
  61  5:37  SCV x2, Marine x5  
  68  5:44  Supply Depot  
  68  5:45  Supply Depot  
  68  5:48  Armory  
  68  5:51  SCV  
  68  5:52  Supply Depot, SCV  
  74  5:57  SCV  
  74  5:59  Barracks Reactor x2  
  74  6:03  Marine x5  
  76  6:06  Hellion x2  
  76  6:07  SCV x2  
  76  6:09  SCV  
  76  6:10  Liberator x2  
  83  6:18  Supply Depot  
  83  6:20  Supply Depot, Marine x2  
  83  6:21  SCV x2, Marine  
  88  6:26  Marine x2  
  88  6:32  SCV  
  97  6:33  SCV x2  
  97  6:37  Marine x2  
  97  6:39  Marine x2  
  101  6:42  Supply Depot  
  101  6:44  Marine x4  
  101  6:45  Supply Depot  
  107  6:50  Terran Infantry Weapons Level 2  
  107  6:52  Terran Infantry Armor Level 2  
  107  7:00  SCV  
  107  7:01  SCV x2  
  110  7:07  Supply Depot  
  110  7:08  Supply Depot  
  110  7:09  Marine  
  110  7:10  Marine x8  
  110  7:14  Medivac x2  
  123  7:27  Command Center  
  123  7:33  Marine x6  
  123  7:34  Marine x2  
  117  7:46  Medivac x2  
  117  7:49  SCV x3  
  117  7:50  Refinery  
  128  7:51  Refinery  
  128  8:02  Starport, Terran Ship Weapons Level 1  
  128  8:03  Starport  
  121  8:10  Factory Tech Lab  
  121  8:12  Marine x3  
  121  8:13  Marine x5  
  121  8:14  Marauder  
  121  8:18  Barracks  
  121  8:19  Barracks  
  131  8:20  Barracks  
  131  8:23  Supply Depot x2  
  131  8:24  Supply Depot  
  131  8:38  Marine x7  
  131  8:39  Marauder, Marine  
  141  8:56  Supply Depot  
  141  9:05  Liberator x2  
  141  9:07  Marine x2  
  141  9:08  Barracks Tech Lab, Marine x6  
  141  9:09  Liberator, Barracks Tech Lab x2  
  148  9:10  Fusion Core  
  148  9:11  Planetary Fortress  
  140  9:17  Terran Infantry Weapons Level 3, Terran Infantry Armor Level 3  
  146  9:30  SCV  
  146  9:31  SCV x2  
  152  9:33  Refinery  
  152  9:37  Liberator x2  
  152  9:39  Marauder x4  
  160  9:49  Refinery  
  160  9:53  Concussive Shells  
  160  9:57  SCV x3  
  169  10:01  Advanced Ballistics  
  169  10:07  Marauder x4  
  177  10:16  Marine x8  
  184  10:21  Supply Depot  
  184  10:27  Sensor Tower, Liberator x2  
  184  10:28  Liberator x2  
  179  10:32  Marauder x4  
  198  10:58  Marauder  
  198  10:59  Command Center  
  200  11:07  Barracks x2  
  200  11:18  Ghost Academy  
  200  11:24  Command Center, Terran Ship Weapons Level 2  
  195  11:40  Supply Depot  
  195  11:41  Supply Depot x2  
  182  12:02  Marine x4  
  182  12:03  Marauder x3, Marine x3  
  195  12:11  Marauder  
  197  12:18  Barracks Reactor, Barracks Tech Lab  
  197  12:29  Marine x3  
  200  12:33  Sensor Tower  
  187  12:56  Marauder x4, Liberator x2, Marine x7  
  194  12:59  Medivac x2  
  194  13:00  Medivac  
  177  13:15  Liberator  
  177  13:16  Liberator x2  
  180  13:22  Marauder x5  
  190  13:34  Marine  
  190  13:35  Marine x3  
  190  13:36  Marine x4  
  190  13:39  Liberator x2  
  192  13:43  Marauder x4  
  143  14:01  Marauder, Marine x5  
  143  14:02  Liberator x3  
  134  14:04  Marauder  
  134  14:05  Marauder x2  
  140  14:21  Marine x9  
  140  14:22  Marauder, Liberator, Marine  
  140  14:23  Marauder  
  163  14:25  SCV  
  163  14:26  Marauder x3, SCV  
  171  14:31  Planetary Fortress  
  171  14:44  Medivac  
  176  15:02  Medivac x3  
  178  15:08  Marauder x4, Marine x3  
  178  15:11  Marine x7  
  129  15:14  Medivac  
  149  15:30  Orbital Command  
  100  15:36  Marauder x4, Marine x8  
  100  15:37  Marine x3  
  88  15:55  Marauder  
  63  16:23  Marine x7  
Tags
 
Add a new tag
Caveats
  • Supply blocks, unpowered buildings, or Contaminate may cause inaccurate times.
  • Supply counts are checked every 10 seconds.